 Dungeon Crawl Stone Soup version 0.31-a0-636-ge1c0e020e0 (webtiles) character file.

Game seed: 5163789548226442056

396 thirtiethelement the Chopper (level 6, -2/47 HPs)
             Began as a Demonspawn Fighter on Aug 26, 2023.
             Slain by a gnoll
             ... wielding a +0 spear
             ... led by a gnoll bouda
              (5 damage)
             ... on level 4 of the Dungeon.
             The game lasted 00:07:00 (3156 turns).

thirtiethelement the Chopper (Demonspawn Fighter)   Turns: 3156, Time: 00:07:00

Health: -2/47      AC:  9    Str: 18    XL:     6   Next: 52%
Magic:  6/6        EV: 14    Int: 10    God:
Gold:   169        SH:  4    Dex: 12    Spells: 5/5 levels left

rFire   . . .        a - +0 war axe
rCold   . . .        c - +0 buckler
rNeg    . . .        b - +0 scale mail
rPois   .            r - +1 helmet
rElec   .            (no cloak)
rCorr   .            (no gloves)
SInv    .            (no boots)
Will    .....        (no amulet) Stlth
                     h - +5 ring of evasion
HPRegen 1.27/turn    s - ring of flight
MPRegen 0.20/turn

%: no passive effects
@: mighty, flying
A: claws 1, powered by death 1, magic regeneration
a: no special abilities


You were on level 4 of the Dungeon.
You visited 2 branches of the dungeon, and saw 5 of its levels.

You collected 169 gold pieces.

Inventory:

Hand Weapons
 a - a +0 war axe (weapon)
Missiles
 f - 5 boomerangs (quivered)
 m - 7 javelins
Armour
 b - a +0 scale mail (worn)
 c - a +0 buckler (worn)
 r - a +1 helmet (worn)
Jewellery
 h - a +5 ring of evasion (left claw)
 s - a ring of flight (right claw)
Scrolls
 g - a scroll of amnesia {unknown}
 i - a scroll of identify
 j - a scroll of torment
 n - a scroll of fog {unknown}
 o - a scroll of teleportation {unknown}
 p - a scroll of revelation {unknown}
 q - a scroll of immolation {unknown}
 w - a scroll of blinking {unknown}
Potions
 e - a potion of magic {unknown}
 k - 2 potions of lignification {unknown}
 l - a potion of resistance {unknown}
 t - 3 potions of degeneration {unknown}
 u - a potion of curing {unknown}
 v - a potion of invisibility {unknown}


   Skills:
 + Level 3.5 Fighting
 + Level 4.4 Axes
 + Level 0.3 Throwing
 + Level 4.0 Armour
 + Level 1.4 Dodging
 + Level 0.6 Stealth
 + Level 3.3 Shields


You had 5 spell levels left.
You didn't know any spells.
Your spell library contained the following spells:

 Spells                   Type           Power      Damage    Failure   Level
 Magic Dart               Conj           0%         1d3       83%         1
 Cigotuvi's Dreadful Rot  Necr/Pois/Air  0%         N/A       92%         2


Dungeon Overview and Level Annotations

Branches:
Dungeon (4/15)             Temple (1/1) D:4

Altars:
Cheibriados
Fedhas
Makhleb
Nemelex Xobeh
Ru
Sif Muna
Uskayaw
Vehumet
Wu Jian


Innate Abilities, Weirdness & Mutations

You have sharp fingernails.
You regenerate a little health from kills.
You regenerate magic rapidly.


Message History

The gnoll bouda hits you but does no damage.
You hit the gnoll bouda but do no damage.
The gnoll bouda is severely wounded.
The gnoll is no longer moving quickly. x2
The gnoll hits you from afar with a +0 spear.
* * * LOW HITPOINT WARNING * * *
The gnoll bouda hits you with a +0 whip.
* * * LOW HITPOINT WARNING * * *
You hit the gnoll bouda.
The gnoll bouda is severely wounded.
The gnoll closely misses you.
The gnoll bouda calls upon its god to heal the gnoll.
The gnoll is healed somewhat.
The gnoll hits you from afar with a +0 spear.
* * * LOW HITPOINT WARNING * * *
There is an open door here.
As you read the scroll labelled MACA FUANAHI, it crumbles to dust.
It is a scroll of identify.
j - a scroll of torment The gnoll bouda barely misses you.
The gnoll barely misses you.
You feel very mighty all of a sudden. The gnoll bouda closely misses you.
You block the gnoll's attack.
You slash the gnoll bouda!
You kill the gnoll bouda!
You block the gnoll's attack.
You feel your dexterity returning.
Your Armour skill increases to level 4!
The gnoll is no longer moving quickly.
The gnoll hits you but does no damage. The gnoll completely misses you.
Things that are here:
a +0 whip; a +1 leather armour of willpower; a +0 halberd You barely miss the gnoll.
The gnoll is moderately wounded.
You block the gnoll's attack.
The gnoll hits you from afar with a +0 spear.
* * * LOW HITPOINT WARNING * * *
You slash the gnoll!
You kill the gnoll!
The gnoll hits you from afar with a +0 spear.
You die...

#.....# ############.###..
...............#.##
#...########.#.#... ... #(#.#...
.g. ###....... #g# #......... #)#
#.###.#... .# #@# #.# #.##.# .#
##'## #.# #.##.# .# ##...## #.#
#....# #.##### ##.....##
#.#####..# #...#.... #.......##
#........#
##.......#.#.........####...##.##
.†.........'.........'.......#.#
#.)......#.#.........####...##.#
#.)........##.......## ##.###.#


You could see 2 gnolls.

Vanquished Creatures
  A quasit (D:4)
  A jelly (D:4)
  An orc priest (D:4)
  Natasha (thrice) (D:3)
  A gnoll bouda (D:4)
  An orc wizard (D:4)
  A statue (D:3)
  2 gnolls (D:4)
  An adder (D:2)
  4 shadow imps (D:4)
  2 white imps (D:4)
  3 ufetubi (D:4)
  2 dart slugs
  4 orcs (D:4)
  9 ball pythons
  7 endoplasms
  A giant cockroach (D:4)
  5 goblins
  4 hobgoblins
  3 jackals (D:3)
  5 quokkas
  4 bats
  5 frilled lizards
  6 kobolds
  6 rats
82 creatures vanquished.

Notes
Turn   | Place    | Note
-------+----------+-------------------------------------------
     0 | D:1      | thirtiethelement the Demonspawn Fighter began the quest for
                  | the Orb.
     0 | D:1      | Reached XP level 1. HP: 18/18 MP: 1/1
   387 | D:1      | Gained mutation: You regenerate a little health from kills.
                  | [demonic ancestry]
   387 | D:1      | Reached XP level 2. HP: 22/24 MP: 2/2
  1071 | D:2      | Reached XP level 3. HP: 29/29 MP: 3/3
  1569 | D:3      | Noticed Natasha
  1583 | D:3      | Killed Natasha
  1584 | D:3      | Reached skill level 1 in Dodging
  1584 | D:3      | Gained mutation: You regenerate magic rapidly. [demonic
                  | ancestry]
  1584 | D:3      | Reached XP level 4. HP: 7/35 MP: 4/4
  1775 | D:3      | Found a radiant altar of Vehumet.
  1775 | D:3      | Noticed a frost-covered statue
  1784 | D:3      | Killed a frost-covered statue
  1908 | D:3      | Noticed Natasha
  1917 | D:3      | Killed Natasha
  1950 | D:3      | Noticed Natasha
  1959 | D:3      | Killed Natasha
  1960 | D:3      | Gained mutation: You have sharp fingernails. [demonic
                  | ancestry]
  1960 | D:3      | Reached XP level 5. HP: 34/41 MP: 5/5
  2108 | D:3      | Got the Essays on Injury and Abominable Rituals
  2514 | D:4      | Found a staircase to the Ecumenical Temple.
  2523 | Temple   | Entered the Ecumenical Temple
  2768 | D:4      | Reached XP level 6. HP: 35/47 MP: 6/6
  3155 | D:4      | HP: 2/47 [gnoll/+0 spear[a gnoll bouda] (6)]
  3156 | D:4      | Slain by a gnoll

Illustrated notes

Levels and vault maps discovered:
D:1:      dpeg_arrival_rhombi, layout_basic, chequers_mini_garden,
          dreamdust_wishing_well
D:2:      layout_rooms, kennysheep_generic_room_6
D:3:      layout_basic, old_standard_altar, vehumet_statue, uniq_natasha
D:4:      layout_loops_corners, minmay_temple_entry_waves, serial_demonic,
          serial_demonic_a, serial_demonic_c, serial_demonic_d,
          serial_demonic_a, nicolae_elevator_lobby_asterisk, uniq_menkaure
Temple:   nicolae_temple_godpark

Skill      XL: |  1  2  3  4  5  6 |
---------------+-------------------+-----
Armour         | 3 4 |  4.0
Shields        | 3 |  3.3
Axes           | 2 3 4 |  4.4
Dodging        | 1 |  1.4
Fighting       | |  3.5
Throwing       | |  0.3
Stealth        | |  0.6

Action                     |  1- 3 |  4- 6 || total
---------------------------+-------+-------++-------
  Melee: War axe           |   126 |   164 ||   290
  Throw: Boomerang         |     1 |    11 ||    12
    Use: Scroll            |       |     1 ||     1
         Potion            |       |     1 ||     1
 Armour: Scale mail        |    54 |   116 ||   170
  Dodge: Dodged            |   106 |   261 ||   367
  Block: Buckler           |    33 |    76 ||   109

Table legend: (Time is in decaauts)
 A = Elapsed time spent in this place.
 B = Non-inter-level travel time spent in this place.
 C = Inter-level travel time spent in this place.
 D = Time resting spent in this place.
 E = Time spent auto-exploring this place.
 F = Levels seen in this place.
 G = Mean time per level.
                   A        B        C        D        E       F      G
               +--------+--------+--------+--------+--------+-----+--------+
         Total |   3273 |   3228 |     45 |      0 |   2564 |   5 |  654.6 |
       Dungeon |   3271 |   3226 |     45 |      0 |   2564 |   4 |  817.8 |
        Temple |      1 |      1 |      0 |      0 |      0 |   1 |    1.0 |
               +--------+--------+--------+--------+--------+-----+--------+

Top non-repeatable levels by time:
     D:1: 1046 daAuts
     D:3: 933 daAuts
     D:4: 803 daAuts
     D:2: 488 daAuts
  Temple: 1 daAuts
